 Dungeon Sprint DCSS version 0.28.0-43-g3370ac3207 (webtiles) character file.

Game seed: 996368219031789613

2607 boopmooplesden the Severer (level 9, 0/100 HPs)
             Began as a Minotaur Berserker on Mar 5, 2022.
             Was a High Priest of Trog.
             Slain by a tentacle (13 damage)
             ... attached to a kraken
             ... in the Dungeon (Sprint II: "The Violet Keep of Menkaure").
             The game lasted 00:02:42 (934 turns).

boopmooplesden the Severer (Minotaur Berserker)      Turns: 934, Time: 00:02:43

Health: 0/100      AC: 15    Str: 25    XL:     9   Next: 33%
Magic:  8/8        EV: 12    Int:  4    God:    Trog [*****.]
Gold:   467        SH:  8    Dex: 13    Spells: 8/8 levels left

rFire   + . .      SeeInvis .   l - +6 trident "Taasar" {elec, *Rage Fly rN+ Str+2}
rCold   + . .      Faith    .   j - +1 kite shield {rC+}
rNeg    + . .      Spirit   .   k - +4 scale mail {rF+}
rPois   .          Reflect  .   (helmet restricted)
rElec   .          Harm     .   u - +0 cloak
rCorr   .          Rampage  .   (no gloves)
Will    .....      Rage     20% i - +0 pair of boots {Stlth+}
Stlth   +......... NoTele   +   (no amulet)
HPRegen 0.26/turn               (no ring)
MPRegen 0.11/turn               (no ring)

@: on berserk cooldown, flying, slowed, very slow
A: horns 2, retaliatory headbutt
a: Renounce Religion, Berserk, Trog's Hand, Brothers in Arms


You were in the Dungeon.
You worshipped Trog.
Trog was extremely pleased with you.
You visited 1 branch You collected 1196 gold pieces.
You spent 729 gold pieces at shops.

Inventory:

Hand Weapons
 a - a +0 hand axe
 l - the +6 trident "Taasar" (weapon) {elec, *Rage Fly rN+ Str+2}
   (You bought it in a shop in the Dungeon)

   It occasionally discharges a powerful burst of electricity upon striking a
   foe.
   Str:       It affects your strength (+2).
   rN:        It protects you from negative energy.
   Fly:       It grants you flight.
   *Rage:     It berserks you when you make melee attacks (+20% chance).
Armour
 b - a +0 animal skin
 i - a +0 pair of boots of stealth (worn)
 j - a +1 kite shield of cold resistance (worn)
 k - a +4 scale mail of fire resistance (worn)
 u - a +0 cloak (worn)
Scrolls
 h - 2 scrolls of blinking
 n - a scroll of amnesia
 p - 2 scrolls of fear
Potions
 c - 2 potions of curing
 d - a potion of heal wounds
 e - 2 potions of haste
 f - 5 potions of magic
 g - a potion of berserk rage
 m - a potion of might {unknown}
 o - a potion of ambrosia {unknown}
 q - a potion of degeneration {unknown}
 t - 3 potions of resistance
 v - 3 potions of flight
 x - 2 potions of attraction


   Skills:
 + Level 15.7 Fighting
 + Level 16.0(16.1) Axes
 + Level 2.3(10.7) Polearms
 + Level 9.3 Armour
 + Level 8.9 Dodging
 + Level 0.6 Stealth
 + Level 1.2 Shields


You had 8 spell levels left.
You didn't know any spells.
Your spell library was empty.

Dungeon Overview and Level Annotations

Branches:
Dungeon (1/1)

Altars:
Dithmenos
Elyvilon
Fedhas
Gozag
Kikubaaqudgha
Makhleb
Nemelex Xobeh
Okawaru
Qazlal
Ru
Sif Muna
Trog
Uskayaw
Vehumet
Wu Jian
Xom
Yredelemnul
Zin
The Shining One
Jiyva
Lugonu

Shops:
D !:(=?![=?![[(:[

Annotations:
D exclusion: oklob plant


Innate Abilities, Weirdness & Mutations

You have a pair of horns on your head.
You reflexively headbutt those who attack you in melee.


Message History

The tentacle slaps you!
You feel a strong urge to attack something.
The tentacle slaps you!!
A tentacle segment comes into view.
You impale the tentacle segment!!
The tentacle segment is heavily wounded.
You block the tentacle's attack.
A tentacle segment comes into view.
You barely miss the tentacle segment.
The tentacle segment is heavily wounded.
The tentacle slaps you!
A tentacle segment comes into view.
You impale the tentacle segment!!
You kill the tentacle segment!
You are no longer berserk.
You are exhausted.
You feel yourself slow down.
You hit the tentacle.
The tentacle is lightly wounded.
You block the tentacle's attack. The tentacle slaps you!
The tentacle slaps you!!
You hit the tentacle but do no damage.
The tentacle is lightly wounded.
You block the tentacle's attack. The tentacle barely misses you.
You block the tentacle's attack.
You completely miss the tentacle. Your headbutt misses the tentacle.
The tentacle is lightly wounded.
You feel your willpower return. The tentacle barely misses you.
You block the tentacle's attack.
A tentacle rises from the water!
You puncture the tentacle!
The tentacle is moderately wounded.
You block the tentacle's attack. The tentacle slaps you!
* * * LOW HITPOINT WARNING * * *
You hit the tentacle but do no damage. Lightning courses through the tentacle!
The tentacle is severely wounded.
You block the tentacle's attack. The tentacle slaps you!!
* * * LOW HITPOINT WARNING * * *
The tentacle slaps you!
You die...

#. #=○▓:§§§§..)▓▓
+.####[=▓(......(▓▓
^..####▓(.|....(▓▓
#..##.#▓.[..()..▓▓
+..#..#▓.(...)|.▓▓
#..#.)#▓....((..▓▓
###..##)#▓()).[)..▓▓
.###...##▓▓▓▓▓▓▓'▓▓▓▓+▓
...≈≈≈≈≈†≈≈≈≈≈≈≈@w─X≈≈▓
...≈#+########§###www≈▓
≈..≈#_._._...#≈≈§##≈≈≈▓
≈≈.≈#._._._._#≈§§§####▓
≈≈≈≈#_._._._.#≈§§§§#
≈≈≈≈#._._._._#≈≈≈§§≈#
≈≈≈≈#.._._._.#≈§≈≈§≈+
##≈≈#..._._._#≈§≈≈≈S#


You could see a kraken and 4 tentacles.

Vanquished Creatures
  A merfolk siren (D)
  A yaktaur (D)
  3 polar bears (D)
  A hornet (D)
  Menkaure (D)
  4 water moccasins (D)
  4 necrophages (D)
  5 scorpions (D)
  3 worms (D)
  2 tentacles (D)
25 creatures vanquished.

Vanquished Creatures (others)
  13 tentacles (D)
13 creatures vanquished.

Grand Total: 38 creatures vanquished

Notes
Turn   | Place    | Note
-------+----------+-------------------------------------------
     0 | D        | boopmooplesden the Minotaur Berserker began the quest for
                  | the Orb.
     0 | D        | Reached XP level 1. HP: 19/19 MP: 0/0
     1 | D        | Noticed a necrophage
     1 | D        | Noticed a necrophage
     1 | D        | Noticed a necrophage
     1 | D        | Noticed a necrophage
     4 | D        | Killed a necrophage
     5 | D        | Reached skill level 7 in Axes
     5 | D        | Reached XP level 2. HP: 34/34 MP: 1/1
     5 | D        | Reached XP level 3. HP: 39/39 MP: 2/2
     5 | D        | Reached XP level 4. HP: 47/47 MP: 3/3
     7 | D        | Killed a necrophage
     8 | D        | Reached skill level 8 in Axes
     8 | D        | Reached XP level 5. HP: 56/56 MP: 4/4
     9 | D        | Killed a necrophage
     9 | D        | Reached ** piety under Trog
    10 | D        | Reached skill level 9 in Axes
    10 | D        | Reached skill level 5 in Armour
    12 | D        | Killed a necrophage
    13 | D        | Reached skill level 10 in Fighting
    13 | D        | Reached skill level 10 in Axes
    13 | D        | Reached skill level 5 in Dodging
    13 | D        | Reached XP level 6. HP: 67/67 MP: 5/5
    20 | D        | Noticed a merfolk siren
    44 | D        | Killed a merfolk siren
    45 | D        | Reached skill level 12 in Axes
    45 | D        | Reached XP level 7. HP: 32/78 MP: 6/6
   103 | D        | Noticed Menkaure
   133 | D        | Killed Menkaure
   133 | D        | Reached *** piety under Trog
   220 | D        | Reached skill level 13 in Axes
   264 | D        | Reached **** piety under Trog
   270 | D        | Found Bauriozu's Antique Armour Emporium.
   270 | D        | Found Faittoas's Antique Armour Shoppe.
   270 | D        | Found Quodey's Book Shoppe.
   270 | D        | Found Qinass's Antique Armour Emporium.
   283 | D        | Reached XP level 8. HP: 33/86 MP: 7/7
   283 | D        | Found Foydono's Antique Weapon Emporium.
   283 | D        | Found Suemog's Magic Scroll Shoppe.
   283 | D        | Found Ruoneyf's Jewellery Emporium.
   283 | D        | Found Pomau's Antique Armour Shoppe.
   478 | D        | Reached ***** piety under Trog
   479 | D        | Reached skill level 14 in Axes
   491 | D        | Found Udisa's Distillery.
   491 | D        | Found Nolaif's Magic Scroll Shoppe.
   491 | D        | Found Ifiole's Jewellery Shoppe.
   492 | D        | Found Yfusas's Distillery.
   493 | D        | Found Vanidehiq's Antique Weapon Emporium.
   493 | D        | Noticed an oklob plant
   494 | D        | Noticed a fire dragon
   515 | D        | Found Pyaputul's Distillery.
   515 | D        | Found Vydd's Book Shoppe.
   520 | D        | Noticed a death yak
   527 | D        | Bought a pair of runed boots for 202 gold pieces
   527 | D        | Bought a runed kite shield for 202 gold pieces
   538 | D        | Bought a runed scale mail for 147 gold pieces
   552 | D        | Bought a pitted trident for 178 gold pieces
   552 | D        | Identified the +6 trident "Taasar" {elec, *Rage Fly rN+
                  | Str+2} (You bought it in a shop in the Dungeon)
   702 | D        | Found an iron altar of Okawaru.
   702 | D        | Found an opulent altar of Gozag.
   703 | D        | Found a sparkling altar of Nemelex Xobeh.
   703 | D        | Found a blossoming altar of Fedhas.
   704 | D        | Found a radiant altar of Vehumet.
   704 | D        | Found a burning altar of Makhleb.
   704 | D        | Found a white marble altar of Elyvilon.
   705 | D        | Found a hide-covered altar of Uskayaw.
   705 | D        | Found a corrupted altar of Lugonu.
   705 | D        | Found a shadowy altar of Dithmenos.
   706 | D        | Found a glowing silver altar of Zin.
   706 | D        | Found a bloodstained altar of Trog.
   706 | D        | Found an ancient bone altar of Kikubaaqudgha.
   707 | D        | Found a basalt altar of Yredelemnul.
   707 | D        | Found a shimmering blue altar of Sif Muna.
   707 | D        | Found a viscous altar of Jiyva.
   708 | D        | Found a shimmering altar of Xom.
   708 | D        | Found a sacrificial altar of Ru.
   709 | D        | Found a glowing golden altar of the Shining One.
   709 | D        | Found an ornate altar of the Wu Jian Council.
   710 | D        | Noticed a yaktaur
   710 | D        | Noticed a hornet
   710 | D        | Noticed a polar bear
   710 | D        | Noticed a polar bear
   710 | D        | Noticed a polar bear
   716 | D        | Killed a polar bear
   720 | D        | Killed a hornet
   726 | D        | Killed a polar bear
   727 | D        | Reached skill level 15 in Axes
   727 | D        | Reached skill level 1 in Polearms
   729 | D        | Killed a polar bear
   729 | D        | Received a gift from Trog
   730 | D        | Reached skill level 15 in Fighting
   730 | D        | Reached XP level 9. HP: 97/97 MP: 8/8
   731 | D        | Killed a yaktaur
   740 | D        | Found a stormy altar of Qazlal.
   747 | D        | Noticed a kraken
   756 | D        | Reached skill level 1 in Shields
   759 | D        | Reached skill level 16 in Axes
   780 | D        | Found the +7 Singing Sword {vorpal, sonic wave}
   934 | D        | Slain by a tentacle

Illustrated notes

Levels and vault maps discovered:
D:        the_violet_keep_of_menkaure [sprint2_stairs_cluster_1,
          sprint2_shoproom, sprint2_temple, sprint2_basic_supplies,
          sprint2_obstacle_4, sprint2_obstacle_3, sprint2_obstacle_1,
          sprint2_obstacle_7, sprint2_obstacle_6, sprint2_timed_cluster_1,
          sprint2_smallroom_cluster_1, sprint2_smallroom_final_cluster_1,
          sprint2_transparent_cluster_1, sprint2_second_timed_cluster_1,
          sprint2_sniper_area_1, sprint2_heavy_combat_area_1,
          sprint2_mutation_trap_area_1, sprint2_forest_area_1,
          sprint2_light_combat_area_1, sprint2_behind_water_1,
          sprint2_near_end_vault_1]

Skill      XL: |  1  2  3  4  5  6  7  8  9 |
---------------+----------------------------+-----
Fighting       | 7 8 10 12 13 15 | 15.7
Axes           | 7 8 10 12 13 15 16 | 16.0
Armour         | 4 5 6 7 8 9 |  9.3
Dodging        | 3 4 5 6 8 |  8.9
Polearms       | 1 2 |  2.3
Shields        | 1 |  1.2
Stealth        | |  0.6

Action                   |  1- 3 |  4- 6 |  7- 9 || total
-------------------------+-------+-------+-------++-------
Melee: Hand axe          |     2 |    31 |    46 ||    79
       Headbutt          |     1 |     7 |    15 ||    23
       Trident           |       |       |    35 ||    35
Invok: Berserk           |     1 |       |     3 ||     4
  Use: Scroll            |       |       |     9 ||     9
Armor: Scale mail        |       |       |    21 ||    21
Dodge: Dodged            |       |     3 |    42 ||    45
Block: Kite shield       |       |       |    24 ||    24
